 Dungeon Crawl Stone Soup version 0.30-a0-913-g9934a0ce24 (webtiles) character file.

Game seed: 10521842861234556683

3 Khashishi the Sneak (level 1, -2/10 HPs)
             Began as a Felid Delver on Mar 19, 2023.
             Slain by a hobgoblin (5 damage)
             ... on level 4 of the Dungeon.
             The game lasted 00:00:46 (62 turns).

Khashishi the Sneak (Felid Delver)                    Turns: 62, Time: 00:00:47

Health: -2/10      AC:  1    Str:  8    XL:     1   Next: 41%
Magic:  2/2        EV: 17    Int: 11    God:
Gold:   0          SH:  0    Dex: 17    Spells: 0/0 levels left
                                        Lives:  0   Deaths: 0

rFire   . . .      SeeInvis +      - Unarmed
rCold   . . .      Faith    .    (shield unavailable)
rNeg    . . .      Spirit   .    (body armour unavailable)
rPois   .          Reflect  .    (helmet unavailable)
rElec   .          Rampage  .    (cloak unavailable)
rCorr   .                        (gloves unavailable)
Will    .....                    (boots unavailable)
Stlth   ++++                     (no amulet)
HPRegen 0.21/turn                (no ring)
MPRegen 0.08/turn                (no ring)

@: quick
A: very small, claws 1, fangs 3, see invisible, speed 1, shaggy fur 1, stealthy
paws, no weapons or thrown items, no armour, multi-lived
a: no special abilities


You were on level 4 of the Dungeon.
You visited 1 branch of the dungeon, and saw 2 of its levels.

Inventory:

Wands
 e - a wand of digging (3)
Scrolls
 a - a scroll of fog
 b - a scroll of magic mapping
 c - a scroll of fear
 f - a scroll of identify {unknown}
Potions
 d - a potion of haste


   Skills:
 - Level 3.0 Fighting
 + Level 2.8 Dodging
 + Level 6.6 Stealth
 + Level 2.1 Unarmed Combat


You couldn't memorise any spells.
You didn't know any spells.
Your spell library was empty.

Dungeon Overview and Level Annotations

Branches:
Dungeon (5/15)
 Temple: D:4-7

Altars:
Uskayaw


Innate Abilities, Weirdness & Mutations

You have sharp claws.
You have razor-sharp teeth.
You have supernaturally acute eyesight. (SInv)
You cover ground quickly. (Speed+)
You are covered in fur. (AC +1)
Your paws help you pounce on unaware monsters.
You are incapable of wielding weapons or throwing items.
You cannot wear armour.
You gain extra lives every three experience levels.


Message History

Found a sling and 2 scrolls labelled WETWARH XANKAGE.
There is a stone staircase leading down here.
A quokka comes into view.
A ball python comes into view.
You pounce on the unaware helpless hobgoblin!
You mangle the hobgoblin!!
You kill the hobgoblin!
A hobgoblin comes into view.
You see here a hobgoblin corpse.
The hobgoblin shouts!
You see here a hobgoblin corpse.
You see here a +0 sling.
The quokka misses you.
You miss the quokka.
The quokka bites you but does no damage.
There is a stone staircase leading down here.
You scratch the quokka. You bite the quokka.
The quokka is heavily wounded.
The quokka bites you.
You completely miss the quokka. Your bite misses the quokka.
The quokka is heavily wounded.
The quokka bites you.
You barely miss the quokka. You bite the quokka.
You kill the quokka!
Unknown command.
You barely miss the ball python. The ball python misses you.
The ball python barely misses you.
You closely miss the ball python. The ball python closely misses you.
The ball python misses you.
You scratch the ball python.
You kill the ball python!
You scratch the hobgoblin.
The hobgoblin is moderately wounded.
The hobgoblin hits you.
* * * LOW HITPOINT WARNING * * *
You scratch the hobgoblin. Your bite misses the hobgoblin.
The hobgoblin is moderately wounded.
The hobgoblin hits you.
Ouch! That really hurt!
You die...

#.## #.. #..# ###...
..# ##....## #.##
##......# ##..#
##.......#
##.#.####........#
#.@#...##........##
#..#g...>.).........
#..#..###............
#..#..##
#............ #.#..#
#.......†..... ..#..#
#....?........ .....#
#.............. ##..#
#.............. ##.
#..............


You could see a hobgoblin.

Vanquished Creatures
  A hobgoblin (D:4)
  A quokka (D:4)
  A ball python (D:4)
3 creatures vanquished.

Notes
Turn   | Place    | Note
-------+----------+-------------------------------------------
     0 | D:5      | Khashishi the Felid Delver began the quest for the Orb.
     0 | D:5      | Reached XP level 1. HP: 10/10 MP: 2/2
     1 | D:5      | Noticed an ogre
     6 | D:5      | Found a hide-covered altar of Uskayaw.
    12 | D:5      | Noticed a scorpion
    62 | D:4      | Slain by a hobgoblin

Illustrated notes

Levels and vault maps discovered:
D:4:      wad_river_or_something, layout_cave_pods,
          mainiacjoe_overflow_six_doors_small, mainiacjoe_overflow_24_doors,
          led_xom_imps, grunt_ashenzari_visionary
          [grunt_ashenzari_visionary_swamp, grunt_ashenzari_visionary_snake],
          minmay_between
D:5:      layout_basic, nzn_hepliaklqana_mist_gate, nicolae_uskayaw_dance_hall,
          minmay_temple_entry_statues_fountains, nicolae_ossuary_entry_ruins,
          st_stairs_9, nicolae_half_adder

Action                     || total
---------------------------++-------
  Melee: Unarmed           ||    10
         Bite              ||     2
   Stab: Sleeping          ||     1
 Armour: Skin              ||     1
  Dodge: Dodged            ||     5

Table legend: (Time is in decaauts)
 A = Elapsed time spent in this place.
 B = Non-inter-level travel time spent in this place.
 C = Inter-level travel time spent in this place.
 D = Time resting spent in this place.
 E = Time spent auto-exploring this place.
 F = Levels seen in this place.
 G = Mean time per level.
                   A        B        C        D        E       F      G
               +--------+--------+--------+--------+--------+-----+--------+
         Total |     51 |     51 |      0 |      0 |      0 |   2 |   25.5 |
       Dungeon |     51 |     51 |      0 |      0 |      0 |   2 |   25.5 |
               +--------+--------+--------+--------+--------+-----+--------+

Top non-repeatable levels by time:
     D:5: 26 daAuts
     D:4: 24 daAuts
